 Dungeon Crawl Stone Soup version 0.29.1-15-g9cfb28693d (webtiles) character file.

Game seed: 6310779984925771944

159 KyoPewz the Sneak (level 5, -4/43 HPs)
             Began as a Gnoll Wanderer on Mar 23, 2023.
             Splashed by a jelly's acid (7 damage)
             ... on level 3 of the Dungeon.
             The game lasted 00:07:30 (2571 turns).

KyoPewz the Sneak (Gnoll Wanderer)                  Turns: 2571, Time: 00:07:31

Health: -4/43      AC:  0    Str: 14    XL:     5   Next: 40%
Magic:  9/9        EV:  9    Int: 12    God:
Gold:   134        SH:  0    Dex: 16    Spells: 6/10 levels left

rFire   . . .      SeeInvis .   f - +1 dagger (speed)
rCold   . . .      Faith    .   (no shield)
rNeg    . . .      Spirit   .   d - +0 scale mail
rPois   .          Reflect  .   (no helmet)
rElec   .          Harm     .   (no cloak)
rCorr   .          Rampage  .   (no gloves)
Will    .....                   (no boots)
Stlth   ++........              (no amulet)
HPRegen 0.14/turn               a - +6 ring of strength
MPRegen 0.11/turn               (no ring)

@: corroded, attractive
A: fangs 1, strong nose, distributed training
a: no special abilities


You were on level 3 of the Dungeon.
You visited 1 branch of the dungeon, and saw 3 of its levels.

You collected 134 gold pieces.

Inventory:

Hand Weapons
 f - a +1 dagger of speed (weapon)
Missiles
 b - 2 atropa-tipped darts (quivered)
 c - 2 datura-tipped darts
 g - 19 stones
 p - a throwing net
Armour
 d - a +0 scale mail (worn)
Jewellery
 a - a +6 ring of strength (left hand)
Scrolls
 i - a scroll of teleportation {unknown}
 j - 2 scrolls of noise {unknown}
 k - a scroll of identify {unknown}
 n - a scroll of immolation {unknown}
 o - a scroll of fear {unknown}
 r - a scroll of acquirement {unknown}
 B - a scroll of blinking
Potions
 e - a potion of flight {unknown}
 h - a potion of resistance {unknown}
 l - a potion of heal wounds {unknown}
 m - a potion of invisibility {unknown}
 q - a potion of attraction


   Skills:
 + Level 4.8 Fighting
 + Level 1.5 Short Blades
 + Level 1.5 Long Blades
 + Level 1.5 Axes
 + Level 1.5 Maces & Flails
 + Level 1.5 Polearms
 + Level 1.5 Staves
 + Level 1.5 Ranged Weapons
 + Level 1.5 Throwing
 + Level 4.8 Armour
 + Level 1.5 Dodging
 + Level 6.1 Stealth
 + Level 1.5 Shields
 + Level 1.5 Unarmed Combat
 + Level 3.2 Spellcasting
 + Level 1.2 Conjurations
 + Level 1.2 Hexes
 + Level 1.2 Summonings
 + Level 1.2 Necromancy
 + Level 1.2 Translocations
 + Level 1.2 Transmutations
 + Level 1.2 Fire Magic
 + Level 1.2 Ice Magic
 + Level 4.0 Air Magic
 + Level 1.2 Earth Magic
 + Level 1.2 Poison Magic
 + Level 1.7 Invocations
 + Level 1.5 Evocations


You had 6 spell levels left.
You knew the following spells:

 Your Spells              Type           Power      Damage    Failure   Level
a - Shock                 Conj/Air       32%        1d5       30%         1
s - Swiftness             Air            11%        N/A       47%         3

Your spell library contained the following spells:

 Spells                   Type           Power      Damage    Failure   Level
 Summon Guardian Golem    Hex/Summ       4%         N/A       86%         3
 Orb of Destruction       Conj           2%         9d5       100%        7
 Spellforged Servitor     Conj/Summ      2%         N/A       100%        7


Dungeon Overview and Level Annotations

Branches:
Dungeon (3/15)

Altars:


Innate Abilities, Weirdness & Mutations

You have very sharp teeth.
Your uncanny sense of smell can sniff out nearby items.
Your experience applies equally to all skills.


Message History

You hit the kobold.
The kobold is heavily wounded.
You hit the kobold.
You kill the kobold!
You hit the jelly. The acid corrodes you!
Your hands burn!
You bite the jelly, but do no damage.
The jelly is lightly wounded.
You take 3 damage, and have 38/43 hp.
You hit the jelly.
Your hands burn!
You bite the jelly, but do no damage.
The jelly is moderately wounded.
The jelly closely misses you.
You take 4 damage, and have 34/43 hp.
You hit the jelly but do no damage.
Your hands burn!
The jelly is moderately wounded.
The jelly completely misses you.
You take 5 damage, and have 29/43 hp.
You hit the jelly but do no damage.
Your hands burn!
The jelly is moderately wounded.
You take 2 damage, and have 27/43 hp.
Okay, then.
Unknown command.
You hit the jelly but do no damage. The acid corrodes you!
Your hands burn!
The jelly is moderately wounded.
The jelly hits you.
You are splashed with acid!
You take 12 damage, and have 15/43 hp.
MASSIVE DAMAGE!!
The jelly attacks as you move away! The jelly hits you.
* * * LOW HITPOINT WARNING * * *
You are splashed with acid!
* * * LOW HITPOINT WARNING * * *
A hobgoblin comes into view.
The hobgoblin shouts!
Unknown command.
You take 10 damage, and have 5/43 hp.
MASSIVE DAMAGE!!
Okay, then.
It was a potion of attraction.
You feel attractive to monsters. The jelly hits you.
* * * LOW HITPOINT WARNING * * *
You are splashed with acid!
You die...

#. .### .# ##.
.#.##.# #.#
#####..##.##### ##.
.............####.
... ..............
#.# #..#####.####.
. ###.# #..# #.# #.
...#..@###..#####.#
#.
#......J)..†......#
#.
#.(##..##..##..####
#. ... ##....####.#
#. # ##..## #.# #.
#.g# ... #..# ..##
.J... .#.# ........
.#.#


You could see a jelly and a hobgoblin.

Vanquished Creatures
  Natasha (thrice) (D:2)
  Terence (D:2)
  An adder (D:2)
  2 worms
  An orc (D:3)
  7 ball pythons
  An endoplasm (D:2)
  5 goblins
  6 hobgoblins
  2 quokkas (D:1)
  6 bats
  A frilled lizard (D:1)
  5 kobolds
  3 rats
44 creatures vanquished.

Notes
Turn   | Place    | Note
-------+----------+-------------------------------------------
     0 | D:1      | KyoPewz the Gnoll Wanderer began the quest for the Orb.
     0 | D:1      | KyoPewz set off with the following items: a +0 dagger, 2
                  | atropa-tipped darts, 2 datura-tipped darts, a +0 scale
                  | mail, a scroll of blinking; and the following spell
                  | memorised: Shock; and the following spells available to
                  | memorise: Swiftness.
     0 | D:1      | Reached XP level 1. HP: 20/20 MP: 4/4
   152 | D:1      | Reached XP level 2. HP: 24/26 MP: 5/5
   981 | D:2      | Reached XP level 3. HP: 27/31 MP: 7/7
  1057 | D:2      | Found a faded altar of an unknown god.
  1142 | D:2      | Noticed Terence
  1155 | D:2      | Killed Terence
  1156 | D:2      | Reached skill level 1 in Short Blades
  1156 | D:2      | Reached skill level 1 in Long Blades
  1156 | D:2      | Reached skill level 1 in Axes
  1156 | D:2      | Reached skill level 1 in Maces & Flails
  1156 | D:2      | Reached skill level 1 in Polearms
  1156 | D:2      | Reached skill level 1 in Staves
  1156 | D:2      | Reached skill level 1 in Ranged Weapons
  1156 | D:2      | Reached skill level 1 in Throwing
  1156 | D:2      | Reached skill level 1 in Dodging
  1156 | D:2      | Reached skill level 6 in Stealth
  1156 | D:2      | Reached skill level 1 in Shields
  1156 | D:2      | Reached skill level 1 in Unarmed Combat
  1156 | D:2      | Reached skill level 1 in Invocations
  1156 | D:2      | Reached skill level 1 in Evocations
  1549 | D:2      | Reached XP level 4. HP: 27/38 MP: 8/8
  1715 | D:2      | Noticed Natasha
  1737 | D:2      | Killed Natasha
  1738 | D:2      | Reached skill level 1 in Conjurations
  1738 | D:2      | Reached skill level 1 in Hexes
  1738 | D:2      | Reached skill level 1 in Summonings
  1738 | D:2      | Reached skill level 1 in Necromancy
  1738 | D:2      | Reached skill level 1 in Translocations
  1738 | D:2      | Reached skill level 1 in Transmutations
  1738 | D:2      | Reached skill level 1 in Fire Magic
  1738 | D:2      | Reached skill level 1 in Ice Magic
  1738 | D:2      | Reached skill level 1 in Earth Magic
  1738 | D:2      | Reached skill level 1 in Poison Magic
  2012 | D:2      | Noticed Natasha
  2029 | D:2      | Killed Natasha
  2030 | D:2      | Reached XP level 5. HP: 7/43 MP: 9/9
  2306 | D:2      | Noticed Natasha
  2335 | D:2      | Killed Natasha
  2447 | D:2      | Learned a level 3 spell: Swiftness
  2571 | D:3      | Splashed by a jelly's acid

Illustrated notes

Levels and vault maps discovered:
D:1:      wander_arrival_desolate, layout_basic, st_stairs_11, corner_web_ring,
          chequers_mini_garden
D:2:      layout_basic, hellmonk_ecumenical_altar_inner_sanctum,
          wad_floor_pattern_untrapped, uniq_natasha, uniq_terence
D:3:      layout_loops_ring, mainiacjoe_overflow_24_doors, lemuel_crystal_altar,
          palyth_stone_intersect, uniq_ijyb

Skill      XL: |  1  2  3  4  5 |
---------------+----------------+-----
Short Blades   | 1 |  1.5
Long Blades    | 1 |  1.5
Axes           | 1 |  1.5
Maces & Flails | 1 |  1.5
Polearms       | 1 |  1.5
Staves         | 1 |  1.5
Ranged Weapons | 1 |  1.5
Throwing       | 1 |  1.5
Dodging        | 1 |  1.5
Stealth        | 6 |  6.1
Shields        | 1 |  1.5
Unarmed Combat | 1 |  1.5
Invocations    | 1 |  1.7
Evocations     | 1 |  1.5
Spellcasting   | 3 |  3.2
Conjurations   | 1 |  1.2
Hexes          | 1 |  1.2
Summonings     | 1 |  1.2
Necromancy     | 1 |  1.2
Translocations | 1 |  1.2
Transmutations | 1 |  1.2
Fire Magic     | 1 |  1.2
Ice Magic      | 1 |  1.2
Earth Magic    | 1 |  1.2
Poison Magic   | 1 |  1.2
Air Magic      | 4 |  4.0
Fighting       | |  4.8
Armour         | |  4.8

Action                   |  1- 3 |  4- 6 || total
-------------------------+-------+-------++-------
Melee: Dagger            |   130 |   105 ||   235
       Bite              |    11 |     7 ||    18
       Punch             |     1 |     2 ||     3
Throw: Dart              |     1 |       ||     1
  Use: Potion            |       |     1 ||     1
 Stab: Sleeping          |     8 |       ||     8
       Invisible         |     1 |       ||     1
Armor: Scale mail        |    47 |    13 ||    60
Dodge: Dodged            |    46 |    35 ||    81
